 Dungeon Crawl Stone Soup version 0.30.1-11-g7821555f0a (webtiles) character file.

Game seed: 1627678319314757312

378 Aphynety the Magician (level 6, -6/32 HPs)
             Began as a Deep Elf Fire Elementalist on Nov 23, 2023.
             Mangled by a wight
             ... wielding a +0 flail
              (8 damage)
             ... on level 4 of the Dungeon.
             The game lasted 00:09:10 (4171 turns).

Aphynety the Magician (Deep Elf Fire Elementalist)  Turns: 4171, Time: 00:09:10

Health: -6/32      AC:  8    Str:  5    XL:     6   Next: 45%
Magic:  1/15       EV: 12    Int: 22    God:
Gold:   169        SH:  0    Dex: 15    Spells: 13/14 levels left

rFire   . . .        j - +2 whip (freeze)
rCold   + . .        (no shield)
rNeg    . . .        o - +3 leather armour {rC+}
rPois   .            d - +1 helmet
rElec   .            (no cloak)
rCorr   .            (no gloves)
SInv    .            (no boots)
Will    .....        (no amulet)
Stlth   +++          (no ring)
HPRegen 0.25/turn    (no ring)
MPRegen 0.14/turn

%: no passive effects
@: no status effects
A: no striking features
a: no special abilities


You were on level 4 of the Dungeon.
You visited 1 branch of the dungeon, and saw 4 of its levels.

You collected 169 gold pieces.

Inventory:

Hand Weapons
 j - a +2 whip of freezing (weapon)
Missiles
 i - 14 poisoned darts
Armour
 a - a +0 robe
 d - a +1 helmet (worn)
 o - a +3 leather armour of cold resistance (worn)
Jewellery
 k - a ring of fire
 r - a ring of ice
Scrolls
 c - a scroll of fog {unknown}
 e - a scroll of brand weapon {unknown}
 f - 3 scrolls of identify {unknown}
 h - a scroll of acquirement {unknown}
 l - a scroll of teleportation {unknown}
 p - a scroll of enchant weapon {unknown}
 q - a scroll of silence {unknown}
Potions
 b - 4 potions of magic
 g - 4 potions of curing {unknown}
 m - 2 potions of ambrosia {unknown}
 n - a potion of heal wounds {unknown}


   Skills:
 + Level 4.2 Dodging
 + Level 4.6 Stealth
 + Level 4.8 Spellcasting
 + Level 3.2 Conjurations
 + Level 4.6 Fire Magic


You had 13 spell levels left.
You knew the following spells:

 Your Spells              Type           Power      Damage    Failure   Level
a - Foxfire               Conj/Fire      88%        2x1d8     3%          1

Your spell library contained the following spells:

 Spells                   Type           Power      Damage    Failure   Level
 Scorch                   Fire           50%        2d7       3%          2
 Kiss of Death            Conj/Necr      48%        2d9       9%          1
 Inner Flame              Hex/Fire       15%        N/A       21%         3
 Volatile Blastmotes      Fire/Tloc      30%        2d12      21%         3
 Ensorcelled Hibernation  Hex/Ice        10%        N/A       26%         2
 Passwall                 Tmut/Erth      4%         N/A       26%         2
 Flame Wave               Conj/Fire      22%        2d8       34%         4
 Confusing Touch          Hex            5%         N/A       45%         3
 Swiftness                Air            5%         N/A       45%         3
 Dispel Undead            Necr           5%         3d7       86%         4


Dungeon Overview and Level Annotations

Branches:
Dungeon (4/15)
 Temple: D:4-7

Altars:


Message History

The foxfire hits the wight.
The wight is heavily damaged.
The wight hits you but does no damage.
You conjure some foxfire!
The foxfire hits the wight but does no damage.
The wight is heavily damaged.
The wight hits you with a +0 flail! The wight hits you with a +4 falchion!
You hit the wight but do no damage.
The wight is severely damaged.
The foxfire hits the wight.
The wight is severely damaged.
The foxfire hits the wight.
The wight is severely damaged.
The wight completely misses you. The wight closely misses you.
You are too injured to fight recklessly!
Casting: Foxfire (safe; 3% risk of failure)
Confirm with . or Enter, or press ? or * to list all spells.
You conjure some foxfire!
The wight misses you. The wight hits you with a +0 flail.
Casting: Foxfire (safe; 3% risk of failure)
Confirm with . or Enter, or press ? or * to list all spells.
You conjure some foxfire!
The foxfire hits the wight but does no damage.
The wight is severely damaged.
The foxfire hits the wight.
The wight is severely damaged.
The wight barely misses you. The wight closely misses you.
The wight attacks as you move away! The wight barely misses you.
The foxfire hits the wight but does no damage.
The wight is severely damaged.
The foxfire hits the wight but does no damage.
The wight is severely damaged.
Casting: Foxfire (safe; 3% risk of failure)
Confirm with . or Enter, or press ? or * to list all spells.
You conjure some foxfire!
The wight hits you with a +4 falchion!
* * * LOW HITPOINT WARNING * * *
The wight hits you with a +0 flail.
* * * LOW HITPOINT WARNING * * *
The wight attacks as you move away! The wight hits you with a +0 flail!
You die...

........## ....
...##..##.#..
#.......####.##. ...
#...#.... #.....####...#
..#..#........ #....#
..#...##...... .....
##.##........... ##...
##..##...#.......
.##....##.......####.##.#
...)....v......###.#..###
#...z@..#..# .......#
###.zv..#...##..##..##
###...###....####...
###..#......#..... .
#...###..........
#..##....##.#.......#
#........##.##......#
##.......##..........
(.............##......


You could see 2 wights.

Vanquished Creatures
  Edmund (D:4)
  A wight (D:4)
  2 orc priests (D:3)
  An orc wizard (D:3)
  3 adders
  2 worms
  A dart slug (D:3)
  7 orcs
  7 ball pythons
  6 endoplasms
  5 giant cockroaches
  7 goblins
  8 hobgoblins
  9 kobolds
  2 quokkas
  8 bats
  3 frilled lizards
  8 rats
81 creatures vanquished.

Vanquished Creatures (others)
  413 foxfires
413 creatures vanquished.

Grand Total: 494 creatures vanquished

Notes
Turn   | Place    | Note
-------+----------+-------------------------------------------
     0 | D:1      | Aphynety the Deep Elf Fire Elementalist began the quest for
                  | the Orb.
     0 | D:1      | Reached XP level 1. HP: 10/10 MP: 6/6
   198 | D:1      | Reached XP level 2. HP: 15/15 MP: 5/8
  1057 | D:1      | Reached XP level 3. HP: 19/19 MP: 4/9
  2647 | D:3      | Reached XP level 4. HP: 13/24 MP: 6/11
  2698 | D:3      | Reached XP level 5. HP: 28/28 MP: 1/13
  3728 | D:4      | Noticed Edmund
  3745 | D:4      | Killed Edmund
  3746 | D:4      | Reached XP level 6. HP: 22/32 MP: 2/14
  4171 | D:4      | Mangled by a wight

Illustrated notes

Levels and vault maps discovered:
D:1:      roderic_octagonal_star, layout_basic, serial_corexii_hall,
          chequers_hall_statues_wall_a, chequers_hall_statues_y,
          chequers_hall_statues_corner_a
D:2:      layout_rooms
D:3:      layout_basic, hangedman_decor_clover_reticule, minmay_between
D:4:      layout_cave_pools, minmay_temple_entry_enclosed_plants,
          minmay_misc_feat_five, uniq_edmund

Skill      XL: |  1  2  3  4  5 |
---------------+----------------+-----
Stealth        | 3 4 |  4.6
Dodging        | 3 4 |  4.2
Conjurations   | 2 3 |  3.2
Spellcasting   | 4 |  4.8
Fire Magic     | 4 |  4.6

Action                     |  1- 3 |  4- 6 || total
---------------------------+-------+-------++-------
  Melee: Whip              |       |    11 ||    11
   Cast: Foxfire           |   155 |   101 ||   256
 Armour: Robe              |     2 |     3 ||     5
         Leather armour    |       |     2 ||     2
  Dodge: Dodged            |     9 |    17 ||    26
